PBL
WINDY CITY THUNDERBOLTS @ PARIS CUBS
09/17/2047
 
TOP OF THE 1ST
Windy City ThunderBolts batting - Pitching for Paris Cubs : LHP Wilhelm Myers
Pitching: LHP Wilhelm Myers
Batting: SHB Danny Gallegos 0-0: Ground out 5-3 (Groundball, 5S, EV 70.0 MPH)
Batting: SHB Rob Haney 0-0: Ball
1-0: Foul Ball, location: 2F
1-1: Called Strike
1-2: Ball
2-2: DOUBLE (Line Drive, 9LM, EV 109.4 MPH)
Batting: RHB Tyrell Camp 0-0: Ground out 6-3 (Groundball, 6, EV 94.4 MPH)
Batting: RHB Joe Thomas 0-0: Called Strike
0-1: Called Strike
0-2: Ball
1-2: Ball
2-2: Fly out, F5 (Popup, 5F, EV 62.5 MPH)
Top of the 1st over - 0 runs, 1 hit, 0 errors, 1 left on base; Windy City 0 - Paris 0
BOTTOM OF THE 1ST
Paris Cubs batting - Pitching for Windy City ThunderBolts : RHP Julio Plazas
Pitching: RHP Julio Plazas
Batting: RHB Dan Orozco 0-0: Ball
1-0: Swinging Strike
1-1: Swinging Strike
1-2: Strikes out swinging
Batting: RHB Andy Villarreal 0-0: Ball
1-0: Fly out, F8 (Flyball, 8RS, EV 85.6 MPH)
Batting: RHB Ricky Ramirez 0-0: Called Strike
0-1: Ball
1-1: Fly out, F9 (Flyball, 9D, EV 90.6 MPH)
Bottom of the 1st over - 0 runs, 0 hits, 0 errors, 0 left on base; Windy City 0 - Paris 0
TOP OF THE 2ND
Windy City ThunderBolts batting - Pitching for Paris Cubs : LHP Wilhelm Myers
Batting: RHB Nhat Phong 0-0: Foul Ball, location: 2F
0-1: Foul Ball, location: 2F
0-2: Strikes out swinging
Batting: RHB Kaoru Hamada 0-0: Swinging Strike
0-1: Ground out U3 (Groundball, 34, EV 80.6 MPH)
Batting: RHB Dave Dominguez 0-0: Fly out, F9 (Flyball, 89S, EV 82.5 MPH)
Top of the 2nd over - 0 runs, 0 hits, 0 errors, 0 left on base; Windy City 0 - Paris 0
BOTTOM OF THE 2ND
Paris Cubs batting - Pitching for Windy City ThunderBolts : RHP Julio Plazas
Batting: RHB Jorge Lagunas 0-0: Called Strike
0-1: Ball
1-1: Foul Ball, location: 2F
1-2: SINGLE (Groundball, 4MD, EV 93.8 MPH)
Batting: RHB David Bousfield 0-0: Swinging Strike
0-1: Foul Ball, location: 2F
0-2: Foul Ball, location: 2F
0-2: Foul Ball, location: 2F
0-2: Ball
1-2: Ball
2-2: Strikes out looking
Batting: LHB David Mendez 0-0: Ball
1-0: Ball
2-0: Ball
3-0: Called Strike
3-1: Ground out 4-3 (Groundball, 34, EV 104.4 MPH)
Jorge Lagunas to second
Batting: LHB Jose Mafano 0-0: Ball
1-0: Fly out, F8 (Flyball, 8RM, EV 90.6 MPH)
Bottom of the 2nd over - 0 runs, 1 hit, 0 errors, 1 left on base; Windy City 0 - Paris 0
TOP OF THE 3RD
Windy City ThunderBolts batting - Pitching for Paris Cubs : LHP Wilhelm Myers
Batting: RHB Klaus Brown 0-0: Called Strike
0-1: Swinging Strike
0-2: Foul Ball, location: 2F
0-2: Strikes out swinging
Batting: RHB Miguel Pacheco 0-0: Called Strike
0-1: Ground out 3-1 (Groundball, 34, EV 80.0 MPH)
Batting: SHB Danny Gallegos 0-0: Ball
1-0: Ball
2-0: Called Strike
2-1: Swinging Strike
2-2: Ball
3-2: Strikes out swinging, 2-3 out at first.
Top of the 3rd over - 0 runs, 0 hits, 0 errors, 0 left on base; Windy City 0 - Paris 0
BOTTOM OF THE 3RD
Paris Cubs batting - Pitching for Windy City ThunderBolts : RHP Julio Plazas
Batting: RHB Lencho Otieno 0-0: Ball
1-0: Swinging Strike
1-1: Foul Ball, location: 2F
1-2: Ball
2-2: Ball
3-2: Strikes out swinging
Batting: RHB Michihisa Tanaka 0-0: Fly out, F6 (Line Drive, 6, EV 66.2 MPH)
Batting: RHB Dan Orozco 0-0: Foul Ball, location: 2F
0-1: Ground out 6-3 (Groundball, 6MS, EV 88.8 MPH)
Bottom of the 3rd over - 0 runs, 0 hits, 0 errors, 0 left on base; Windy City 0 - Paris 0
TOP OF THE 4TH
Windy City ThunderBolts batting - Pitching for Paris Cubs : LHP Wilhelm Myers
Batting: SHB Rob Haney 0-0: Ball
1-0: Ball
2-0: Swinging Strike
2-1: SINGLE (Groundball, 6M, EV 81.2 MPH) (infield hit)
Batting: RHB Tyrell Camp 0-0: Ball
Rob Haney steals 2nd base
1-0: 2-RUN HOME RUN (Flyball, 7D, EV 97.5 MPH), Distance : 385 ft
Pitching: RHP Mike Reusch
Batting: RHB Joe Thomas 0-0: Ball
1-0: Ball
2-0: DOUBLE (Flyball, 89D, EV 95.6 MPH)
Batting: RHB Nhat Phong 0-0: Ball
1-0: Foul Ball, location: 2F
1-1: Fly out, F6 (Popup, 6MS, EV 70.6 MPH)
Batting: RHB Kaoru Hamada 0-0: Ball
1-0: Ball
Passed Ball!
Joe Thomas to third
2-0: Foul Ball, location: 2F
2-1: Foul Ball, location: 2F
2-2: Strikes out swinging
Batting: RHB Dave Dominguez 0-0: Fly out, F9 (Line Drive, 9, EV 106.9 MPH)
Top of the 4th over - 2 runs, 3 hits, 0 errors, 1 left on base; Windy City 2 - Paris 0
BOTTOM OF THE 4TH
Paris Cubs batting - Pitching for Windy City ThunderBolts : RHP Julio Plazas
Batting: RHB Andy Villarreal 0-0: Called Strike
0-1: Ball
1-1: Ball
2-1: Foul Ball, location: 2F
2-2: Ball
3-2: Base on Balls
Batting: RHB Ricky Ramirez 0-0: Ball
1-0: Foul Ball, location: 2F
1-1: Ball
2-1: Called Strike
2-2: Ball
3-2: Foul Ball, location: 2F
3-2: Strikes out swinging
Batting: RHB Jorge Lagunas 0-0: Ball
1-0: Foul Ball, location: 2F
1-1: Swinging Strike
1-2: Ball
2-2: Foul Ball, location: 2F
2-2: Foul Ball, location: 2F
2-2: Ball
Passed Ball!
Andy Villarreal to second
3-2: Ground out 6-3 (Groundball, 6, EV 81.9 MPH)
Andy Villarreal to third
Batting: RHB David Bousfield 0-0: Ball
1-0: Foul Ball, location: 2F
1-1: Ball
2-1: Ball
3-1: Foul Ball, location: 2F
3-2: Strikes out swinging
Bottom of the 4th over - 0 runs, 0 hits, 0 errors, 1 left on base; Windy City 2 - Paris 0
TOP OF THE 5TH
Windy City ThunderBolts batting - Pitching for Paris Cubs : RHP Mike Reusch
Batting: RHB Klaus Brown 0-0: Called Strike
0-1: Called Strike
0-2: Ball
1-2: Strikes out swinging
Batting: RHB Miguel Pacheco 0-0: Ball
1-0: Ball
2-0: Called Strike
2-1: Ball
3-1: Base on Balls
Batting: SHB Danny Gallegos 0-0: Fly out, F7 (Flyball, 7LMF, EV 87.5 MPH)
Batting: SHB Rob Haney 0-0: Ball
1-0: Called Strike
1-1: Foul Ball, location: 2F
1-2: Strikes out swinging
Top of the 5th over - 0 runs, 0 hits, 0 errors, 1 left on base; Windy City 2 - Paris 0
BOTTOM OF THE 5TH
Paris Cubs batting - Pitching for Windy City ThunderBolts : RHP Julio Plazas
Batting: LHB David Mendez 0-0: Ball
1-0: Ball
2-0: Foul Ball, location: 2F
2-1: Called Strike
2-2: Ground out 1-3 (Groundball, 13, EV 71.2 MPH)
Batting: LHB Jose Mafano 0-0: Ball
1-0: Ball
2-0: Foul Ball, location: 2F
2-1: Ball
3-1: Base on Balls
Batting: RHB Lencho Otieno 0-0: Called Strike
0-1: Ball
1-1: Swinging Strike
1-2: Strikes out swinging
Batting: RHB Michihisa Tanaka 0-0: Ground out 1-3 (Groundball, P, EV 68.1 MPH)
Bottom of the 5th over - 0 runs, 0 hits, 0 errors, 1 left on base; Windy City 2 - Paris 0
TOP OF THE 6TH
Windy City ThunderBolts batting - Pitching for Paris Cubs : RHP Mike Reusch
Batting: RHB Tyrell Camp 0-0: Foul Ball, location: 2F
0-1: Ground out 5-3 (Groundball, 56, EV 104.4 MPH)
Pitching: LHP Jose Gutierres
Batting: RHB Joe Thomas 0-0: Ball
1-0: Ball
2-0: Foul Ball, location: 2F
2-1: Swinging Strike
2-2: Strikes out swinging
Batting: RHB Nhat Phong 0-0: Called Strike
0-1: Fly out, F4 (Popup, 23, EV 91.2 MPH)
Top of the 6th over - 0 runs, 0 hits, 0 errors, 0 left on base; Windy City 2 - Paris 0
BOTTOM OF THE 6TH
Paris Cubs batting - Pitching for Windy City ThunderBolts : RHP Julio Plazas
Batting: RHB Dan Orozco 0-0: DOUBLE (Line Drive, 78M, EV 98.8 MPH)
Batting: RHB Andy Villarreal 0-0: Fly out, F9 (Line Drive, 89M, EV 88.1 MPH)
Batting: RHB Ricky Ramirez 0-0: Ball
1-0: Swinging Strike
1-1: Ball
2-1: Foul Ball, location: 2F
2-2: Foul Ball, location: 2F
2-2: Fly out, F8 (Flyball, 8LD, EV 104.4 MPH)
Batting: RHB Jorge Lagunas 0-0: Foul Ball, location: 2F
0-1: Swinging Strike
0-2: Foul Ball, location: 2F
0-2: Ball
1-2: Ground out 5-3 (Groundball, 56, EV 101.2 MPH)
Bottom of the 6th over - 0 runs, 1 hit, 0 errors, 1 left on base; Windy City 2 - Paris 0
TOP OF THE 7TH
Windy City ThunderBolts batting - Pitching for Paris Cubs : LHP Jose Gutierres
Pitching: RHP Robbie Schoen
Batting: RHB Kaoru Hamada 0-0: Ground out 6-3 (Groundball, 6, EV 83.1 MPH)
Batting: RHB Dave Dominguez 0-0: Ball
1-0: Swinging Strike
1-1: Foul Ball, location: 2F
1-2: Ball
2-2: Strikes out swinging
Batting: RHB Klaus Brown 0-0: Ball
1-0: SOLO HOME RUN (Flyball, 9D, EV 100.0 MPH), Distance : 383 ft
Batting: RHB Miguel Pacheco 0-0: Ball
1-0: Ball
2-0: Ball
3-0: Called Strike
3-1: Base on Balls
Batting: SHB Danny Gallegos 0-0: Ball
1-0: Fly out, F7 (Flyball, 7, EV 76.2 MPH)
Top of the 7th over - 1 run, 1 hit, 0 errors, 1 left on base; Windy City 3 - Paris 0
BOTTOM OF THE 7TH
Paris Cubs batting - Pitching for Windy City ThunderBolts : RHP Julio Plazas
Batting: RHB David Bousfield 0-0: Called Strike
0-1: Ball
1-1: Foul Ball, location: 2F
1-2: Ball
2-2: Reached on error, E1 (Groundball, 13S, EV 57.5 MPH)
Batting: LHB David Mendez 0-0: Ball
1-0: Foul Ball, location: 2F
1-1: 2-RUN HOME RUN (Flyball, 89XD, EV 113.1 MPH), Distance : 435 ft
Pitching: LHP Keith O'Brien
Batting: LHB Jose Mafano 0-0: Ball
1-0: Called Strike
1-1: Foul Ball, location: 2F
1-2: Reached on error, E6 (Groundball, 6, EV 102.5 MPH)
Batting: RHB Lencho Otieno 0-0: Called Strike
0-1: Ground out 1-3 (Groundball, P, EV 71.9 MPH)
Jose Mafano to third
Batting: RHB Michihisa Tanaka 0-0: Called Strike
0-1: Called Strike
0-2: Strikes out looking
Batting: RHB Dan Orozco 0-0: Ball
1-0: Fly out, F4 (Popup, 23, EV 87.5 MPH)
Bottom of the 7th over - 2 runs, 1 hit, 2 errors, 1 left on base; Windy City 3 - Paris 2
TOP OF THE 8TH
Windy City ThunderBolts batting - Pitching for Paris Cubs : RHP Robbie Schoen
Batting: SHB Rob Haney 0-0: Ball
1-0: Called Strike
1-1: Called Strike
1-2: Ball
2-2: Ball
3-2: Strikes out swinging
Batting: RHB Tyrell Camp 0-0: Ball
1-0: Ball
2-0: Ball
3-0: Base on Balls
Pitching: RHP Melvin Orengo
Batting: RHB Joe Thomas 0-0: Called Strike
0-1: Foul Ball, location: 2F
0-2: Strikes out swinging
Pinch Hitting: RHB Joselito Santos 0-0: Ball
1-0: Ball
2-0: Ball
3-0: Called Strike
3-1: Base on Balls
Tyrell Camp to second
Pinch Runner at 2nd Jose Pereyra:
Batting: RHB Kaoru Hamada 0-0: Ball
1-0: Swinging Strike
1-1: Fly out, F8 (Flyball, 78D, EV 93.1 MPH)
Top of the 8th over - 0 runs, 0 hits, 0 errors, 2 left on base; Windy City 3 - Paris 2
BOTTOM OF THE 8TH
Paris Cubs batting - Pitching for Windy City ThunderBolts : LHP Keith O'Brien
Now at 1B: Paul Holland
Now at 2B: Miguel Pacheco
Now in RF: Ricky Avila
Batting: RHB Andy Villarreal 0-0: Ball
1-0: Called Strike
1-1: Ball
2-1: Ball
3-1: Called Strike
3-2: Foul Ball, location: 2F
3-2: Foul Ball, location: 2F
3-2: Foul Ball, location: 2F
3-2: Fly out, F8 (Flyball, 8LM, EV 78.1 MPH)
Batting: RHB Ricky Ramirez 0-0: Ground out 6-3 (Groundball, 6, EV 107.5 MPH)
Batting: RHB Jorge Lagunas 0-0: Called Strike
0-1: Called Strike
0-2: Ball
1-2: Ball
2-2: Ball
3-2: Fly out, F8 (Flyball, 78D, EV 101.2 MPH)
Bottom of the 8th over - 0 runs, 0 hits, 0 errors, 0 left on base; Windy City 3 - Paris 2
TOP OF THE 9TH
Windy City ThunderBolts batting - Pitching for Paris Cubs : RHP Melvin Orengo
Batting: RHB Dave Dominguez 0-0: Ball
1-0: Called Strike
1-1: Foul Ball, location: 2F
1-2: Fly out, F9 (Flyball, 9, EV 81.9 MPH)
Batting: RHB Klaus Brown 0-0: Ball
1-0: Foul Ball, location: 2F
1-1: Ball
2-1: Swinging Strike
2-2: Foul Ball, location: 2F
2-2: Ball
3-2: Strikes out looking
Pitching: LHP Noah Hornby
Batting: RHB Miguel Pacheco 0-0: Swinging Strike
0-1: Hit by Pitch
Batting: SHB Danny Gallegos 0-0: Ball
1-0: Ball
2-0: Fly out, F9 (Flyball, 9S, EV 86.2 MPH)
Top of the 9th over - 0 runs, 0 hits, 0 errors, 1 left on base; Windy City 3 - Paris 2
BOTTOM OF THE 9TH
Paris Cubs batting - Pitching for Windy City ThunderBolts : LHP Keith O'Brien
Pitching: RHP Jose Rodriguez
Batting: RHB David Bousfield 0-0: Ball
1-0: Ball
2-0: Ball
3-0: Called Strike
3-1: Fly out, F9 (Flyball, 89M, EV 90.0 MPH)
Batting: LHB David Mendez 0-0: Ball
1-0: Fly out, F8 (Flyball, 78XD, EV 107.5 MPH)
Batting: LHB Jose Mafano 0-0: Ground out 6-3 (Groundball, 56, EV 86.2 MPH)
Bottom of the 9th over - 0 runs, 0 hits, 0 errors, 0 left on base; Windy City 3 - Paris 2
Thursday, December 15th , 2022 - OOTP Baseball 23.9 Build 102